 Dungeon Crawl Stone Soup version 0.27-a0-1101-ge311f74bc8 (webtiles) character file.

Game seed: 7511391316896589220

907 siradein the Carver (level 7, -2/46 (51) HPs)
             Began as a Vampire Fighter on Apr 28, 2021.
             Slain by a wight
             ... wielding a +7 spear
              (6 damage)
             ... on level 5 of the Dungeon.
             The game lasted 00:24:55 (5413 turns).

siradein the Carver (Vampire Fighter)               Turns: 5413, Time: 00:24:56

HP:   -2/46 (51)    AC: 11    Str: 17    XL:     7   Next: 81%
MP:   0/16          EV:  4    Int: 11    God:
Gold: 247           SH:  8    Dex: 13    Spells: 6/6 levels left

rFire    . . .     SeeInvis +   a - +0 long sword
rCold    . . .     Faith    .   c - +0 kite shield
rNeg     . . .     Spirit   +   p - +0 chain mail
rPois    +         Reflect  .   f - +2 hat
rElec    .         Harm     .   (no cloak)
rCorr    .         Rampage  .   k - +0 pair of gloves
Will     .....                  (no boots)
Stlth    ..........             b - amulet of guardian spirit
HPRegen  0.35/turn              l - ring of poison resistance
MPRegen  0.15/turn              t - ring of magical power

@: healing quickly, drained
A: alive, fangs 3, see invisible, unbreathing 1, vampiric 2
a: Exsanguinate


You were on level 5 of the Dungeon.
You visited 1 branch of the dungeon, and saw 5 of its levels.
You also visited: Ossuary.

You collected 247 gold pieces.

Inventory:

Hand Weapons
 a - a +0 long sword (weapon)
 n - a +0 short sword of speed
Missiles
 h - 2 javelins (quivered)
 z - 3 silver javelins
Armour
 c - a +0 kite shield (worn)
 f - a +2 hat (worn)
 k - a +0 pair of gloves (worn)
 p - a +0 chain mail (worn)
Jewellery
 b - an amulet of guardian spirit (around neck)
 l - a ring of poison resistance (left hand)
 t - a ring of magical power (right hand)
Wands
 u - a wand of charming (5)
 w - a wand of paralysis (13)
 A - a wand of polymorph (3)
Scrolls
 g - a scroll of vulnerability {unknown}
 j - 3 scrolls of enchant armour {unknown}
 m - 4 scrolls of teleportation
 r - a scroll of blinking {unknown}
 v - a scroll of amnesia
 y - a scroll of enchant weapon {unknown}
Potions
 d - 2 potions of might
 e - 2 potions of attraction
 i - 3 potions of curing
 o - 4 potions of heal wounds
 q - a potion of berserk rage {unknown}
 s - a potion of brilliance {unknown}
 x - a potion of haste {unknown}


   Skills:
 - Level 2.6 Fighting
 + Level 9.2 Long Blades
 - Level 2.4 Armour
 - Level 2.6 Shields


You had 6 spell levels left.
You didn't know any spells.
Your spell library contained the following spells:

 Spells                   Type           Power      Damage    Failure   Level
 Corona                   Hex            0%         N/A       100%        1
 Foxfire                  Conj/Fire      0%         2x1d4     100%        1
 Freeze                   Ice            0%         1d3       100%        1
 Magic Dart               Conj           0%         1d3       100%        1
 Blink                    Tloc           N/A        N/A       100%        2
 Call Imp                 Summ           0%         N/A       100%        2
 Ensorcelled Hibernation  Hex/Ice        0%         N/A       100%        2
 Slow                     Hex            0%         N/A       100%        2
 Confusing Touch          Hex            0%         N/A       100%        3
 Conjure Flame            Conj/Fire      0%         6-21      100%        3
 Dazzling Flash           Conj/Hex       0%         N/A       100%        3
 Frozen Ramparts          Ice            0%         1d2       100%        3
 Mephitic Cloud           Conj/Pois/Air  0%         N/A       100%        3
 Ozocubu's Armour         Ice            0%         N/A       100%        3
 Tukima's Dance           Hex            0%         N/A       100%        3
 Cause Fear               Hex            0%         N/A       100%        4
 Hailstorm                Conj/Ice       0%         3d3       100%        4
 Metabolic Englaciation   Hex/Ice        0%         N/A       100%        5
 Dragon Form              Tmut           0%         N/A       100%        7
 Dragon's Call            Summ           0%         N/A       100%        9


Dungeon Overview and Level Annotations

Branches:
Dungeon (5/15)            Ossuary (visited)
 Temple: D:4-7

Altars:
Wu Jian
Zin
The Shining One


Innate Abilities, Weirdness & Mutations

Your natural rate of healing is accelerated.
You have razor-sharp teeth.
You have supernaturally acute eyesight. (SInv)
You can survive without breathing.
You are afflicted with vampirism and can become a bat while bloodless.


Message History

You closely miss the wight.
The wight is heavily damaged.
The wight hits you with a +7 spear!
You hit the wight.
The wight is severely damaged.
You block the wight's attack.
You hit the wight but do no damage.
The wight is severely damaged.
You block the wight's attack.
You barely miss the wight.
The wight is severely damaged.
The wight hits you but does no damage. You block the wight's attack.
You barely miss the wight. You bite the wight.
The wight is severely damaged.
The wight barely misses you.
You hit the wight but do no damage.
The wight is severely damaged.
The wight hits you with a +7 spear!
Your chain mail prevents you from hitting the wight.
Your bite misses the wight.
The wight is severely damaged.
The wight hits you with a +7 spear.
You barely miss the wight.
The wight is severely damaged.
The wight hits you with a +7 spear.
You feel drained.
You hit the wight.
The wight is severely damaged.
The wight hits you but does no damage.
You hit the wight but do no damage.
The wight is severely damaged.
The wight hits you with a +7 spear! The wight hits you with a +7 spear.
* * * LOW HITPOINT WARNING * * *
You closely miss the wight.
The wight is severely damaged.
The wight hits you with a +7 spear!
* * * LOW HITPOINT WARNING * * *
You feel drained.
* * * LOW HITPOINT WARNING * * *
The wight hits you from afar with a +7 spear!
You die...

#############
#.............
###..†#...#...#
##......z..[....
#..#...#...#...#
#z#.............
#z############# #.#
#.....# #@# #.....###
#.# #.......# #.#
#.....#.# ###.#
#.....#.# #####.#.#
###.###.#####
........#
##.###..<...
#####.#.##
##...########
#....###.....#######
##...................


You could see 2 wights.

Vanquished Creatures
  Menkaure (Ossuary)
  2 phantoms
  A howler monkey (D:2)
  A wight (D:4)
  2 orc priests
  Ijyb (D:3)
  Terence (D:3)
  An iguana (D:4)
  Natasha (thrice) (D:3)
  2 orc wizards
  A hound skeleton (D:4)
  3 mummies (Ossuary)
  12 adders
  3 worms
  4 dart slugs
  8 orcs
  4 ball pythons
  8 endoplasms
  3 giant cockroaches
  4 gnoll zombies (Ossuary)
  9 goblins
  6 hobgoblins
  12 jackals
  7 kobolds
  A quokka (D:3)
  4 bats
  A frilled lizard (D:3)
  3 gnoll skeletons (Ossuary)
  5 goblin skeletons (Ossuary)
  2 goblin zombies (Ossuary)
  4 hobgoblin skeletons (Ossuary)
  7 hobgoblin zombies (Ossuary)
  2 kobold skeletons (Ossuary)
  4 kobold zombies (Ossuary)
  2 orc skeletons (Ossuary)
  3 orc zombies (Ossuary)
  7 rats
  7 rat skeletons (Ossuary)
  4 rat zombies (Ossuary)
155 creatures vanquished.

Vanquished Creatures (others)
  A kobold skeleton (Ossuary)
  A kobold zombie (Ossuary)
  A rat skeleton (Ossuary)
3 creatures vanquished.

Grand Total: 158 creatures vanquished

Notes
Turn   | Place    | Note
-------+----------+-------------------------------------------
     0 | D:1      | siradein the Vampire Fighter began the quest for the Orb.
     0 | D:1      | Reached XP level 1. HP: 17/17 MP: 1/1
   108 | D:1      | Reached XP level 2. HP: 20/23 MP: 2/2
   122 | D:1      | Reached skill level 3 in Long Blades
   408 | D:1      | Gained mutation: You are afflicted with vampirism and can
                  | become a bat while bloodless. [Vampire growth]
   408 | D:1      | Reached XP level 3. HP: 28/28 MP: 3/3
  1073 | D:2      | Reached skill level 4 in Long Blades
  1143 | D:2      | Reached XP level 4. HP: 26/34 MP: 4/4
  1529 | D:2      | Found a faded altar of an unknown god.
  1923 | D:3      | Noticed Ijyb
  1932 | D:3      | Paralysed by Ijyb for 3 turns
  1943 | D:3      | Paralysed by Ijyb for 2 turns
  1984 | D:3      | Killed Ijyb
  1985 | D:3      | Reached skill level 5 in Long Blades
  2061 | D:3      | Reached XP level 5. HP: 37/39 MP: 5/5
  2151 | D:2      | Reached skill level 6 in Long Blades
  2456 | D:3      | Noticed a phantom
  2482 | D:3      | Killed a phantom
  2483 | D:3      | Reached XP level 6. HP: 46/46 MP: 3/6
  2669 | D:3      | Found an ornate altar of the Wu Jian Council.
  2841 | D:4      | Found a sand-covered staircase.
  2846 | Ossuary  | Entered an ossuary
  3131 | Ossuary  | Noticed Menkaure
  3136 | Ossuary  | Killed Menkaure
  3137 | Ossuary  | Reached skill level 7 in Long Blades
  3169 | Ossuary  | Reached XP level 7. HP: 25/51 MP: 4/7
  3613 | D:3      | Reached skill level 8 in Long Blades
  3627 | D:3      | Noticed Terence
  3646 | D:3      | Killed Terence
  3797 | D:3      | Noticed Natasha
  3805 | D:3      | Killed Natasha
  4625 | D:3      | Noticed Natasha
  4643 | D:3      | Killed Natasha
  4644 | D:3      | Reached skill level 9 in Long Blades
  4931 | D:3      | Noticed Natasha
  4976 | D:3      | Killed Natasha
  5197 | D:5      | Entered Level 5 of the Dungeon
  5413 | D:5      | Slain by a wight

Illustrated notes

Levels and vault maps discovered:
D:1:      dpeg_arrival_three_same_balls, layout_basic
D:2:      layout_loops_ring, chequers_ecumenical_altar_simple_redux,
          hangedman_feature_mirror, kennysheep_small_spiral
D:3:      layout_loops_corners, nicolae_wu_jian_immortal_techniques,
          zin_statuary, uniq_terence, uniq_natasha, uniq_ijyb
D:4:      layout_rooms, tso_altar, enter_ossuary_2, minmay_joined_circles
D:5:      layout_loops_ring, makhleb_heckhound_becter,
          lemuel_coloured_pillars_altar, kennysheep_generic_room_3, uniq_sigmund

Skill      XL: |  1  2  3  4  5  6  7 |
---------------+----------------------+-----
Long Blades    | 3 4 5 6 7 9 |  9.2
Fighting       | |  2.6
Armour         | |  2.4
Shields        | |  2.6

Action                   |  1- 3 |  4- 6 |  7- 9 || total
-------------------------+-------+-------+-------++-------
Melee: Long sword        |    78 |   208 |   192 ||   478
       Bite              |     5 |    37 |    23 ||    65
       Short sword       |       |    93 |       ||    93
       Unarmed           |       |       |     6 ||     6
  Use: Scroll            |       |     5 |     2 ||     7
       Potion            |       |     1 |     1 ||     2
Armor: Scale mail        |    43 |    72 |       ||   115
       Chain mail        |       |    76 |   103 ||   179
       Skin              |       |       |     2 ||     2
Dodge: Dodged            |    25 |    48 |    31 ||   104
Block: Kite shield       |    31 |   108 |    91 ||   230
       Rpst.: Long sword |    11 |    12 |     8 ||    31

Table legend: (Time is in decaauts)
 A = Elapsed time spent in this place.
 B = Non-inter-level travel time spent in this place.
 C = Inter-level travel time spent in this place.
 D = Time resting spent in this place.
 E = Time spent auto-exploring this place.
 F = Levels seen in this place.
 G = Mean time per level.
                   A        B        C        D        E       F      G
               +--------+--------+--------+--------+--------+-----+--------+
         Total |   5561 |   5446 |    115 |    479 |   3030 |   6 |  926.8 |
       Dungeon |   5079 |   4964 |    115 |    468 |   2818 |   5 | 1015.8 |
       Ossuary |    482 |    482 |      0 |     11 |    212 |   1 |  482.0 |
               +--------+--------+--------+--------+--------+-----+--------+

Top non-repeatable levels by time:
     D:3: 2009 daAuts
     D:2: 1080 daAuts
     D:1: 1014 daAuts
     D:4: 764 daAuts
 Ossuary: 482 daAuts
     D:5: 210 daAuts
